 Dungeon Crawl Stone Soup version 0.21-a0-531-gacddea6 (webtiles) character file.

55 slep the Chopper (level 3, 0/18 HPs)
             Began as a Vine Stalker Gladiator on Dec 13, 2017.
             Slain by a bullfrog (4 damage)
             ... on level 2 of the Dungeon.
             The game lasted 00:02:48 (891 turns).

slep the Chopper (Vine Stalker Gladiator)            Turns: 891, Time: 00:02:48

Health: 0/18       AC:  5    Str: 17    XL:     3   Next: 93%
Magic:  0/4        EV: 13    Int:  8    God:
Gold:   61         SH:  0    Dex: 15    Spells: 2/2 levels left

rFire    . . .     SeeInvis .   a - +0 war axe
rCold    . . .     Gourm    .   (no shield)
rNeg     . . .     Faith    .   b - +0 leather armour
rPois    .         Spirit   +   c - +0 helmet
rElec    .         Reflect  .   (no cloak)
rCorr    .         Harm     .   (no gloves)
MR       .....                  g - +0 pair of boots
Stlth    +.........             (no amulet)
HPRegen  0.06/turn              (no ring)
MPRegen  0.09/turn              (no ring)

@: no status effects
A: fangs 2, magic shield, antimagic bite, no potion heal 3, rot immunity
a: no special abilities


You were on level 2 of the Dungeon.
You were not hungry.

You visited 1 branch of the dungeon, and saw 2 of its levels.

You collected 61 gold pieces.

Inventory:

Hand Weapons
 a - a +0 war axe (weapon)
Missiles
 d - 5 throwing nets (quivered)
Armour
 b - a +0 leather armour (worn)
 c - a +0 helmet (worn)
 g - a +0 pair of boots (worn)
Scrolls
 h - a scroll of enchant weapon {unknown}
 m - a scroll of remove curse {unknown}
 n - a scroll of fear {unknown}
 o - 2 scrolls of teleportation {unknown}
 q - a scroll of identify {unknown}
Potions
 e - 5 potions of curing {unknown}
 l - 2 potions of mutation {unknown}
 p - 3 potions of flight {unknown}
Comestibles
 f - a bread ration
 i - 2 royal jellies
 j - a fruit
 k - a meat ration


   Skills:
 + Level 2.0 Fighting
 + Level 3.5 Axes
 + Level 2.0 Throwing
 + Level 0.6 Armour
 + Level 2.7 Dodging
 + Level 0.2 Stealth


You had 2 spell levels left.
You didn't know any spells.

Dungeon Overview and Level Annotations

Branches:
Dungeon (2/15)

Altars:


Innate Abilities, Weirdness & Mutations

You have extremely sharp teeth.
When hurt, damage is shared between your health and your magic reserves.
Your bite disrupts and absorbs the magic of your enemies.
Potions cannot restore your health.
You are immune to rotting.


Message History

You barely miss the bullfrog. Your bite misses the bullfrog.
The bullfrog hits you.
The bullfrog hits you but does no damage.
You hit the bullfrog. Your bite misses the bullfrog.
The bullfrog is moderately wounded.
The bullfrog hits you.
* * * LOW HITPOINT WARNING * * *
The bullfrog hits you but does no damage.
You slash the bullfrog!
The bullfrog is severely wounded.
The bullfrog barely misses you. The bullfrog hits you.
* * * LOW HITPOINT WARNING * * *
You hit the bullfrog but do no damage. Your bite misses the bullfrog.
The bullfrog is severely wounded.
The bullfrog closely misses you.
The bullfrog hits you but does no damage.
You completely miss the bullfrog.
The bullfrog is severely wounded.
The bullfrog hits you.
You die...

#.....# #.......#
####### ###.#####
#.# #.# ### ###
#.# .. ##.## #.#
#.##...######.#
#.#F#...........#
#...@....########
###.###.## #. ###
.. ###


You could see a bullfrog.

Vanquished Creatures
  2 adders (D:2)
  A dart slug (D:1)
  A leopard gecko (D:1)
  2 giant cockroaches
  A hobgoblin (D:1)
  4 jackals (D:2)
  2 quokkas (D:2)
  6 bats
  4 frilled lizards
  3 goblins
  3 kobolds (D:1)
  8 rats
37 creatures vanquished.

Notes
Turn   | Place    | Note
-------+----------+-------------------------------------------
     0 | D:1      | slep the Vine Stalker Gladiator began the quest for the Orb.
     0 | D:1      | Reached XP level 1. HP: 11/11 MP: 2/2
   238 | D:1      | Reached XP level 2. HP: 11/15 MP: 3/3
   458 | D:1      | Reached skill level 3 in Axes
   622 | D:2      | Reached XP level 3. HP: 18/18 MP: 2/4
   885 | D:2      | Noticed a bullfrog
   891 | D:2      | Slain by a bullfrog

Vault maps used:
D:1:      scummos_arrival_gate

Skill      XL: |  1  2  3 |
---------------+----------+-----
Throwing       | 2 |  2.0
Axes           | 3 |  3.5
Fighting       | 2 |  2.0
Armour         | |  0.6
Dodging        | |  2.7
Stealth        | |  0.2

Action                   || total
-------------------------++-------
Melee: War axe           ||    86
       Bite              ||    13
Armor: Leather armour    ||    45
Dodge: Dodged            ||    83

Table legend:
 A = Spawn XP
 B = Non-spawn XP
 C = Spawn XP percentage of total XP
 D = Spawn monster count
 E = Non-spawn monster count
 F = Spawn count percentage of total count
 G = Total turns spent on level
                    A         B        C        D         E        F      G
               +---------+---------+-------+---------+---------+-------+---------
         Total |       0 |      79 |   0.0 |       0 |      37 |   0.0 |   891
               +---------+---------+-------+---------+---------+-------+---------
           D:1 |       0 |      27 |   0.0 |       0 |      19 |   0.0 |   616
           D:2 |       0 |      52 |   0.0 |       0 |      18 |   0.0 |   275
               +---------+---------+-------+---------+---------+-------+---------
